 Dungeon Crawl Stone Soup version 0.29.1-13-g9f3cf754e1 (webtiles) character file.

Game seed: 12711354590035260237

413 HumanPerson the Digger (level 6, -5/57 HPs)
             Began as an Octopode Earth Elementalist on Jan 22, 2023.
             Was a High Priest of Ignis.
             Slain by Crazy Yiuf
             ... wielding a +4 quarterstaff of chaos
              (9 damage)
             ... on level 3 of the Dungeon.
             The game lasted 00:35:03 (3119 turns).

HumanPerson the Digger (OpEE)                       Turns: 3119, Time: 00:35:04

Health: -5/57      AC: 23    Str:  8    XL:     6   Next: 91%
Magic:  10/12      EV:  2    Int: 19    God:    Ignis [*****.]
Gold:   237        SH:  0    Dex: 12    Spells: 5/13 levels left

rFire   + . .      SeeInvis .   n - +2 whip of the Stopping Traitor {holy, rC+}
rCold   + . .      Faith    .   (no shield)
rNeg    . . .      Spirit   .   (helmet currently unavailable)
rPois   +          Reflect  .   r - amulet of regeneration
rElec   .          Harm     .   (no ring)
rCorr   .          Rampage  .   (no ring)
Will    .....      NoTele   +   (no ring)
Stlth   ++........              (no ring)
HPRegen 0.99/turn               (no ring)
MPRegen 0.13/turn               (no ring)
                                (no ring)
                                (no ring)

@: brilliant, tree-form
A: stationary, stasis, torment immunity, boosted hp, almost no armour,
(amphibious), 8 rings, (camouflage 1), (gelatinous body 1), (nimble swimmer 1),
(tentacles)
a: Renounce Religion, Fiery Armour, Foxfire Swarm


You were on level 3 of the Dungeon.
You worshipped Ignis.
Ignis was extremely pleased with you.
You were a tree.
You visited 1 branch of the dungeon, and saw 3 of its levels.

You collected 237 gold pieces.

Inventory:

Hand Weapons
 b - a +0 short sword
 d - a +0 vampiric dagger
 e - a +0 sling
 i - a +0 whip
 n - the +2 whip of the Stopping Traitor (weapon) {holy, rC+}
   (You found it on level 2 of the Dungeon)

   It has been blessed by the Shining One to cause great damage to the undead
   and demons.
   rC:        It protects you from cold.
 y - a +0 dagger of freezing
 B - a +1 whip of venom
Missiles
 j - 5 poisoned darts
 p - 16 stones
Armour
 k - a +0 robe
Magical Staves
 s - a staff of cold
Jewellery
 r - an amulet of regeneration (around neck)
 E - a +6 ring of dexterity
Wands
 o - a wand of roots (2)
Scrolls
 c - a scroll of brand weapon {unknown}
 f - 2 scrolls of identify {unknown}
 h - a scroll of enchant weapon {unknown}
 m - 3 scrolls of fog {unknown}
 q - a scroll of amnesia {unknown}
 t - a scroll of magic mapping {unknown}
 x - a scroll of summoning {unknown}
 C - a scroll of teleportation {unknown}
 F - a scroll of torment {unknown}
Potions
 a - a potion of magic
 g - a potion of attraction {unknown}
 l - a potion of haste {unknown}
 w - a potion of flight {unknown}
 z - 2 potions of might
 A - 2 potions of degeneration {unknown}
 D - a potion of heal wounds {unknown}


   Skills:
 + Level 1.2 Fighting
 + Level 0.4 Short Blades
 + Level 1.2 Maces & Flails
 + Level 2.8 Dodging
 + Level 3.5 Stealth
 + Level 4.1 Spellcasting
 + Level 1.0 Transmutations
 + Level 5.1 Earth Magic


You had 5 spell levels left.
You knew the following spells:

 Your Spells              Type           Power      Damage    Failure   Level
a - Sandblast             Erth           70%        2d15      1%          1
b - Stone Arrow           Conj/Erth      40%        3d9       14%         3
c - Petrify               Tmut/Erth      23%        N/A       36%         4

Your spell library contained the following spells:

 Spells                   Type           Power      Damage    Failure   Level
 Passwall                 Tmut/Erth      19%        N/A       6%          2
 Portal Projectile        Hex/Tloc       10%        N/A       38%         3
 Tukima's Dance           Hex            5%         N/A       38%         3
 Lee's Rapid Deconstruct  Erth           17%        3d12*     41%         5
 Leda's Liquefaction      Hex/Erth       10%        N/A       43%         4
 Blade Hands              Tmut           5%         N/A       94%         5
 Statue Form              Tmut/Erth      15%        N/A       99%         6


Dungeon Overview and Level Annotations

Branches:
Dungeon (3/15)

Altars:
Elyvilon
Ignis

Annotations:
D:3 Crazy Yiuf


Innate Abilities, Weirdness & Mutations

You are a tree.
Your roots penetrate the ground, keeping you stationary.
You cannot be teleported.
You are immune to unholy pain and torment.
Your maximum health is greatly increased.
You cannot wear most types of armour.
((You are amphibious.))
You can wear up to eight rings at the same time.
((Your skin changes colour to match your surroundings (Stealth+).))
((Your rubbery body absorbs attacks. (AC +1, EV +1)))
((You are camouflaged when in or above water. (Stealth+)))
((You have tentacles for arms and can constrict up to eight enemies at once.))


Message History

Found a runed translucent door.
You see here a +0 hammer.
Found a hammer.
You see here a +0 hammer of protection.
You see here a +0 hammer.
Found three hammers.
You see here a +0 hammer.
You open the door.
Casting: Sandblast (safe; 1% risk of failure)
Confirm with . or Enter, or press ? or * to list all spells.
Aiming: Sandblast (safe; 1% risk of failure)
Press: ? - help, Shift-Dir - straight line Crazy Yiuf shouts!
Casting: Sandblast (safe; 1% risk of failure)
Confirm with . or Enter, or press ? or * to list all spells.
Aiming: Sandblast (safe; 1% risk of failure)
Press: ? - help, Shift-Dir - straight line, f - Crazy Yiuf
Aim: Crazy Yiuf, wielding a +4 quarterstaff of chaos and wearing a +2 cloak (85% to hit)
The blast of sand hits Crazy Yiuf.
Crazy Yiuf is lightly wounded.
Casting: Sandblast (safe; 1% risk of failure)
Confirm with . or Enter, or press ? or * to list all spells.
Aiming: Sandblast (safe; 1% risk of failure)
Press: ? - help, Shift-Dir - straight line, f/p - Crazy Yiuf
Aim: Crazy Yiuf, wielding a +4 quarterstaff of chaos and wearing a +2 cloak (lightly wounded, 85% to hit)
The blast of sand hits Crazy Yiuf.
Crazy Yiuf is moderately wounded.
Crazy Yiuf hits you with a +4 quarterstaff of chaos!
Space warps horribly around you! Crazy Yiuf barely misses you.
You barely miss Crazy Yiuf. You grab Crazy Yiuf. You squeeze Crazy Yiuf!
Crazy Yiuf is heavily wounded.
You constrict Crazy Yiuf, but do no damage.
Crazy Yiuf hits you with a +4 quarterstaff of chaos!
* * * LOW HITPOINT WARNING * * *
You turn into a tree.
Your roots penetrate the ground.
You lose your grip on Crazy Yiuf.
Crazy Yiuf barely misses you.
It was a potion of brilliance.
You feel clever all of a sudden.
Crazy Yiuf hits you with a +4 quarterstaff of chaos!
You die...

###♣♣♣♣♣ ##.'.)♣)♣♣♣ ###
##.....)♣))♣#)))#
#......♣♣♣♣♣g)).#
#...'.♣♣ ♣♣#)))# #.###♣♣
### ##.# #####..#
.......### ###
.......#.# #.#####
.......#.#########.....#
...................#.###


You could see Crazy Yiuf.

Vanquished Creatures
  Sigmund (D:3)
  Jessica (D:3)
  Natasha (twice) (D:3)
  An orc wizard (D:3)
  4 gnolls (D:3)
  3 adders
  A white imp (D:3)
  A dart slug (D:2)
  4 orcs (D:3)
  3 ball pythons
  5 endoplasms
  A giant cockroach (D:2)
  8 goblins
  11 hobgoblins
  2 jackals (D:1)
  6 kobolds
  3 quokkas
  5 bats
  A frilled lizard (D:1)
  5 rats
68 creatures vanquished.

Vanquished Creatures (others)
  2 foxfires (D:2)
  6 fungi
  2 plants (D:2)
10 creatures vanquished.

Grand Total: 78 creatures vanquished

Notes
Turn   | Place    | Note
-------+----------+-------------------------------------------
     0 | D:1      | HumanPerson the Octopode Earth Elementalist began the quest
                  | for the Orb.
     0 | D:1      | Reached XP level 1. HP: 11/11 MP: 3/3
    91 | D:1      | Reached XP level 2. HP: 12/17 MP: 0/5
   415 | D:1      | Reached XP level 3. HP: 21/21 MP: 3/6
   444 | D:1      | Learned a level 3 spell: Stone Arrow
  1062 | D:2      | Identified the +2 whip of the Stopping Traitor {holy, rC+}
  1131 | D:2      | Found a faded altar of an unknown god.
  1141 | D:2      | Prayed at the altar of an unknown god.
  1141 | D:2      | Became a worshipper of Ignis, the Dying Flame
  1382 | D:2      | Reached XP level 4. HP: 21/27 MP: 5/7
  1536 | D:2      | Reached skill level 4 in Earth Magic
  2366 | D:3      | Found a white marble altar of Elyvilon.
  2409 | D:3      | Reached XP level 5. HP: 31/31 MP: 6/9
  2427 | D:3      | Noticed Sigmund
  2648 | D:3      | Killed Sigmund
  2649 | D:3      | Reached skill level 1 in Fighting
  2649 | D:3      | Reached skill level 1 in Maces & Flails
  2649 | D:3      | Reached XP level 6. HP: 24/38 MP: 5/11
  2734 | D:3      | Learned a level 4 spell: Petrify
  2740 | D:3      | Noticed Jessica
  2744 | D:3      | Killed Jessica
  2745 | D:3      | Reached skill level 5 in Earth Magic
  2942 | D:3      | Noticed Natasha
  2953 | D:3      | Killed Natasha
  3058 | D:3      | Noticed Natasha
  3061 | D:3      | Killed Natasha
  3109 | D:3      | Found a runed translucent door.
  3110 | D:3      | Noticed Crazy Yiuf
  3117 | D:3      | HP: 1/38 [Crazy Yiuf/+4 quarterstaff of chaos (13)]
  3119 | D:3      | Slain by Crazy Yiuf

Illustrated notes

Levels and vault maps discovered:
D:1:      minmay_arrival_up_and_down, layout_basic
D:2:      layout_basic, shapermc_ecumenical_altar_mp_urbaneastern,
          minmay_quantized
D:3:      layout_basic, elyvilon_altar_3, kennysheep_generic_room_6,
          uniq_jessica, uniq_sigmund, uniq_natasha, uniq_crazy_yiuf_cottage

Skill      XL: |  1  2  3  4  5  6 |
---------------+-------------------+-----
Earth Magic    | 4 5 |  5.1
Stealth        | 3 |  3.5
Spellcasting   | 3 4 |  4.1
Fighting       | 1 |  1.2
Maces & Flails | 1 |  1.2
Short Blades   | |  0.4
Dodging        | |  2.8
Transmutations | |  1.0

Action                   |  1- 3 |  4- 6 || total
-------------------------+-------+-------++-------
Melee: Unarmed           |     9 |       ||     9
       Constrict         |    10 |    12 ||    22
       Tentacles         |    12 |    13 ||    25
       Dagger            |    11 |       ||    11
       Punch             |     2 |       ||     2
       Whip              |    24 |    50 ||    74
 Cast: Sandblast         |    39 |    36 ||    75
       Stone Arrow       |     2 |       ||     2
Invok: Foxfire Swarm     |     1 |       ||     1
       Rising Flame      |     1 |       ||     1
  Use: Potion            |       |     3 ||     3
 Stab: Sleeping          |     1 |       ||     1
Armor: Skin              |     2 |    12 ||    14
Dodge: Dodged            |    18 |    26 ||    44
